 Dungeon Crawl Stone Soup version 0.30-a0-1043-g60ff8d5f49 (webtiles) character file.

Game seed: 14447525043602903488

262 Orangeyouglad the Grave Robber (level 5, -4/25 (28) HPs)
             Began as a Deep Elf Necromancer on Apr 10, 2023.
             Slain by an ogre
             ... wielding a +0 giant spiked club
              (29 damage)
             ... on level 4 of the Dungeon on Apr 11, 2023.
             The game lasted 00:07:05 (2905 turns).

Orangeyouglad the Grave Robber (DENe)               Turns: 2905, Time: 00:07:05

HP:   -4/25 (28)    AC:  5    Str:  5    XL:     5   Next: 97%
MP:   8/14          EV: 13    Int: 22    God:
Gold: 110           SH:  0    Dex: 15    Spells: 7/13 levels left

rFire   . . .      SeeInvis .    q - +4 dagger
rCold   . . .      Faith    .    (no shield)
rNeg    . . .      Spirit   .    a - +0 robe
rPois   .          Reflect  .    (no helmet)
rElec   .          Rampage  .    e - +0 cloak
rCorr   .                        s - +0 pair of gloves
Will    .....                    g - +0 pair of boots
Stlth   +++                      (no amulet)
HPRegen 0.24/turn                (no ring)
MPRegen 0.14/turn                (no ring)

@: very slightly contaminated, heavily drained
A: no striking features
a: no special abilities


You were on level 4 of the Dungeon.
You visited 1 branch of the dungeon, and saw 4 of its levels.

You collected 110 gold pieces.

Inventory:

Hand Weapons
 q - a +4 dagger (weapon)
Missiles
 f - 9 poisoned darts
 l - 6 boomerangs
Armour
 a - a +0 robe (worn)
 e - a +0 cloak (worn)
 g - a +0 pair of boots (worn)
 s - a +0 pair of gloves (worn)
Scrolls
 c - 2 scrolls of identify {unknown}
 d - a scroll of enchant armour {unknown}
 k - a scroll of noise {unknown}
 m - a scroll of teleportation {unknown}
 n - a scroll of fear {unknown}
 o - 2 scrolls of poison {unknown}
 r - a scroll of brand weapon {unknown}
Potions
 b - a potion of magic
 h - a potion of cancellation {unknown}
 i - 2 potions of haste {unknown}
 j - a potion of berserk rage {unknown}
 p - a potion of heal wounds {unknown}


   Skills:
 + Level 4.3 Dodging
 + Level 4.6 Stealth
 + Level 4.9 Spellcasting
 + Level 6.0 Necromancy


You had 7 spell levels left.
You knew the following spells:

 Your Spells              Type           Power      Damage    Failure   Level
a - Necrotise             Necr           100%       1d9       1%          1
b - Cigotuvi's Dreadful   Necr/Pois/Air  28%        N/A       7%          2
c - Vampiric Draining     Necr           31%        2d8       2%          3

Your spell library contained the following spells:

 Spells                   Type           Power      Damage    Failure   Level
 Animate Dead             Necr           31%        N/A       9%          4
 Ensorcelled Hibernation  Hex/Ice        10%        N/A       16%         2
 Passwall                 Tmut/Erth      4%         N/A       16%         2
 Agony                    Necr           31%        N/A       24%         5
 Ignite Poison            Fire/Tmut/Pois 5%         N/A       30%         3
 Swiftness                Air            5%         N/A       30%         3
 Freezing Cloud           Conj/Ice/Air   2%         6-21      96%         5


Dungeon Overview and Level Annotations

Branches:
Dungeon (4/15)
 Temple: D:4-7

Altars:


Message History

Reactivating autopickup.
There is a stone staircase leading down here.
You hit the ufetubus.
The ufetubus is heavily wounded.
The ufetubus closely misses you. The ufetubus barely misses you.
The ufetubus misses you. The ufetubus hits you.
You hit the ufetubus.
You kill the ufetubus!
Magic restored.
HP restored.
Done exploring.
Done exploring.
There is a stone staircase leading down here.
You climb downwards.
There is a stone staircase leading up here.
An ogre is nearby!
Aiming: Necrotise (safe; 1% risk of failure)
Press: ? - help, Q - select action, (/) - cycle Shift-Dir - straight line, f - ogre
Aim: an ogre, wielding a +0 giant spiked club (chance to affect: 83%)
The ogre writhes in agony!
Aiming: Necrotise (safe; 1% risk of failure)
Press: ? - help, Q - select action, (/) - cycle Shift-Dir - straight line, f/p - ogre
Aim: an ogre, wielding a +0 giant spiked club (moderately wounded, chance to affect: 83%)
The ogre writhes in agony.
Aiming: Necrotise (safe; 1% risk of failure)
Press: ? - help, Q - select action, (/) - cycle Shift-Dir - straight line, f/p - ogre
Aim: an ogre, wielding a +0 giant spiked club (moderately wounded, chance to affect: 83%)
Okay, then.
Casting: Necrotise (safe; 1% risk of failure)
Confirm with . or Enter, or press ? or * to list all spells.
You miscast Cigotuvi's Dreadful Rot.
You are very lightly contaminated with residual magic.
Nothing appears to happen.
Casting: Cigotuvi's Dreadful Rot (safe; 7% risk of failure)
Confirm with . or Enter, or press ? or * to list all spells.
A part of your flesh rots into a cloud of miasma!
You feel drained.
The ogre hits you with a +0 giant spiked club!!
Ouch! That really hurt!
You die...

#.# #.# #.# .# #.# .#
#.# ... #.# ... # ###
#.## ... # ##.###..#
#.# # ##...###@# #.# #
##....<##O# #.# #####
#.........# ##.## O.O.#
##.....#..###...##
###.#
##...#...##.###.#####.#
#.#######.##.....##
##>.....#
#................#
#.######
##.######..###.#.##
##.# #.######..#
#.##.###.##


You could see an ogre.

Vanquished Creatures
  A scorpion (D:4)
  2 orc priests (D:3)
  7 gnolls
  2 adders (D:3)
  An ufetubus (D:3)
  A dart slug (D:1)
  7 orcs
  5 ball pythons
  4 endoplasms
  2 giant cockroaches
  2 goblins
  6 hobgoblins
  4 kobolds
  A bat (D:2)
  2 frilled lizards
  A rat (D:2)
48 creatures vanquished.

Vanquished Creatures (collateral kills)
  A ball python (D:3)
  A giant cockroach (D:3)
  A hobgoblin (D:3)
3 creatures vanquished.

Vanquished Creatures (others)
  23 plants (D:2)
23 creatures vanquished.

Grand Total: 74 creatures vanquished

Notes
Turn   | Place    | Note
-------+----------+-------------------------------------------
     0 | D:1      | Orangeyouglad the Deep Elf Necromancer began the quest for
                  | the Orb.
     0 | D:1      | Reached XP level 1. HP: 10/10 MP: 6/6
   405 | D:1      | Reached skill level 5 in Necromancy
   405 | D:1      | Reached XP level 2. HP: 15/15 MP: 4/8
  1208 | D:2      | Reached XP level 3. HP: 19/19 MP: 5/10
  1451 | D:2      | Learned a level 2 spell: Cigotuvi's Dreadful Rot
  1455 | D:2      | Learned a level 3 spell: Vampiric Draining
  1802 | D:3      | Reached XP level 4. HP: 24/24 MP: 6/11
  2081 | D:3      | Reached XP level 5. HP: 28/28 MP: 11/13
  2704 | D:4      | Noticed an ogre
  2800 | D:3      | Reached skill level 6 in Necromancy
  2905 | D:4      | Slain by an ogre

Illustrated notes

Levels and vault maps discovered:
D:1:      lightli_arrival_boilingwater, layout_loops_cross
D:2:      layout_basic, kennysheep_boxes
D:3:      layout_rooms, roderic_serpentine_path, nicolae_underground_beach
D:4:      layout_loops_ring, mainiacjoe_overflow_tiny_flanked, uniq_robin

Skill      XL: |  1  2  3  4  5 |
---------------+----------------+-----
Necromancy     | 5 6 |  6.0
Dodging        | 3 4 |  4.3
Stealth        | 3 4 |  4.6
Spellcasting   | 4 |  4.9

Action                     |  1- 3 |  4- 6 || total
---------------------------+-------+-------++-------
  Melee: Unarmed           |     2 |       ||     2
         Dagger            |     2 |    14 ||    16
         Whip              |     5 |     5 ||    10
   Cast: Necrotise         |    51 |    47 ||    98
         Cigotuvi's Dreadf |       |     2 ||     2
   Stab: Sleeping          |       |     1 ||     1
 Armour: Robe              |     6 |    15 ||    21
  Dodge: Dodged            |    16 |    31 ||    47

Table legend: (Time is in decaauts)
 A = Elapsed time spent in this place.
 B = Non-inter-level travel time spent in this place.
 C = Inter-level travel time spent in this place.
 D = Time resting spent in this place.
 E = Time spent auto-exploring this place.
 F = Levels seen in this place.
 G = Mean time per level.
                   A        B        C        D        E       F      G
               +--------+--------+--------+--------+--------+-----+--------+
         Total |   2908 |   2785 |    123 |    195 |   1952 |   4 |  727.0 |
       Dungeon |   2908 |   2785 |    123 |    195 |   1952 |   4 |  727.0 |
               +--------+--------+--------+--------+--------+-----+--------+

Top non-repeatable levels by time:
     D:3: 1027 daAuts
     D:2: 856 daAuts
     D:1: 845 daAuts
     D:4: 178 daAuts
